 Dungeon Crawl Stone Soup version 0.18-b1-14-g029dad2 (webtiles) character file.

449606 shmeve the Hoplite (level 25, -33/212 HPs)
             Began as a Formicid Fighter on Apr 30, 2016.
             Was the Champion of Okawaru.
             Annihilated by an iron giant
             ... wielding a +0 giant spiked club
              (62 damage)
             ... on level 2 of the Depths.
             The game lasted 02:36:23 (44538 turns).

shmeve the Hoplite (Formicid Fighter)              Turns: 44538, Time: 02:36:23

Health: -33/212    AC: 44    Str: 32    XL:     25   Next: 11%
Magic:  24/30      EV: 19    Int: 15    God:    Okawaru [******]
Gold:   4608       SH: 28    Dex: 14    Spells: 0 memorised, 24 levels left

rFire  . . .     SeeInvis +     c - +6 executioner's axe "Xoutz" {freeze, Dex+4 SInv}
rCold  + + .     Gourm    .     C - +15 Maxwell's patent armour {-Cast -Tele rElec MR+ rCorr}
rNeg   . . .     Faith    .     J - +0 large shield
rPois  +         Spirit   .     (helmet unavailable)
rElec  +         Dismiss  .     s - +0 cloak of Giwk {rC+ Int+3 SInv}
rCorr  +         Reflect  .     b - +2 pair of gloves
SustAt .         Harm     .     S - +0 pair of boots of Luuschiz {rC+}
MR     ++++.     Clarity  +     (no amulet)
Stlth  .......... NoCast   +    T - ring of Paops {MR+ Str+3}
                                E - ring of poison resistance

@: heroism, finesse, incredibly resistant to hostile enchantments, extremely
unstealthy
A: permanent stasis, dig shafts and tunnels, four strong arms, antennae 3, beak,
slimy green scales 1, clarity, wild magic 2
a: Dig, Shaft Self, Heroism, Finesse, Renounce Religion
}: 3/15 runes: decaying, serpentine, silver


You were on level 2 of the Depths.
You worshipped Okawaru.
Okawaru was exalted by your worship.
You were hungry.

You visited 8 branches of the dungeon, and saw 41 of its levels.
You also visited: Ossuary and Bailey.

You collected 4735 gold pieces.
You spent 127 gold pieces at shops.

Inventory:

Hand Weapons
 c - the +6 executioner's axe "Xoutz" (weapon) {freeze, Dex+4 SInv}
   (Okawaru gifted it to you on level 10 of the Dungeon)

   It has been specially enchanted to freeze those struck by it, causing extra
   injury to most foes and up to half again as much damage against particularly
   susceptible opponents.
   It can also slow down cold-blooded creatures.
   It affects your dexterity (+4).
   It lets you see invisible.
 U - the +9 heavy crossbow "Sniper" {velocity, nevermiss, SInv}
   (Okawaru gifted it to you on level 13 of the Dungeon)

   Any bolt fired from it inflicts extra damage.
   It lets you see invisible.
Missiles
 B - 1789 bolts
Armour
 b - a +2 pair of gloves (worn)
 s - the +0 cloak of Giwk (worn) {rC+ Int+3 SInv}
   (Okawaru gifted it to you on level 8 of the Dungeon)

   It affects your intelligence (+3).
   It protects you from cold.
   It lets you see invisible.
 C - the +15 Maxwell's patent armour (worn) {-Cast -Tele rElec MR+ rCorr}
   (Okawaru gifted it to you on level 11 of the Dungeon)

   It insulates you from electricity.
   It affects your resistance to hostile enchantments.
   It prevents spellcasting.
   It prevents most forms of teleportation.
   It protects you from acid and corrosion.
 J - a +0 large shield (worn)
 S - the +0 pair of boots of Luuschiz (worn) {rC+}
   (Okawaru gifted it to you on level 4 of the Snake Pit)

   It protects you from cold.
Jewellery
 t - an uncursed ring of protection from cold {unknown}
 u - an uncursed amulet of dismissal
 z - an uncursed ring of magical power {unknown}
 E - a ring of poison resistance (left hand)
 G - an uncursed ring of protection from fire
 N - an uncursed ring of protection from magic
 O - an uncursed ring of protection from fire
 R - an uncursed ring of protection from magic
 T - the ring of Paops (right hand) {MR+ Str+3}
   (You took it off a deep elf high priest on level 5 of the Vaults)

   [ring of protection from magic]

   It affects your strength (+3).
   It affects your resistance to hostile enchantments.
 X - an uncursed ring of see invisible {unknown}
Wands
 D - a wand of polymorph (11/24)
 P - a wand of paralysis (11/24)
 V - a wand of flame (34/48)
Scrolls
 e - 24 scrolls of identify
 j - a scroll of brand weapon
 k - 22 scrolls of remove curse
 l - 6 scrolls of amnesia
 m - 4 scrolls of enchant armour
 q - a scroll of summoning
 w - 14 scrolls of recharging
 x - 7 scrolls of magic mapping
 y - 7 scrolls of enchant weapon
 F - 6 scrolls of fear
 I - 2 scrolls of fog
 Q - 2 scrolls of holy word
Potions
 a - 6 potions of lignification
 d - 6 potions of might
 g - 9 potions of flight
 h - 12 potions of curing
 n - 8 potions of brilliance
 o - 4 potions of cure mutation
 p - 7 potions of ambrosia
 v - 4 potions of invisibility
 A - 2 potions of agility
 K - 2 potions of magic
 L - 5 potions of cancellation
 M - 2 potions of heal wounds
Comestibles
 f - 22 bread rations
 i - 2 fruits
 r - 22 meat rations
 H - 14 slices of pizza


   Skills:
 * Level 20.4(25.4) Fighting
 * Level 18.9(23.9) Axes
 + Level 14.1(19.1) Crossbows
 + Level 15.7(20.7) Armour
 + Level 13.3(18.3) Dodging
 * Level 21.8(26.8) Shields
 - Level 9.5 Invocations


You had 24 spell levels left.
You didn't know any spells.

Dungeon Overview and Level Annotations

Branches:
Dungeon (15/15)            Temple (1/1) D:7            Lair (8/8) D:11
  Swamp (4/4) Lair:3        Snake (4/4) Lair:6        Slime (0/6) Lair:7
    Orc (2/2) D:9             Elf (0/3) Orc:2        Vaults (5/5) D:14
  Crypt (0/3) Vaults:2     Depths (2/5) D:15

Altars:
Ashenzari
Cheibriados
Elyvilon
Fedhas
Kikubaaqudgha
Makhleb
Okawaru
Pakellas
Qazlal
Ru
Sif Muna
Trog
Vehumet
Yredelemnul
Beogh

Shops:
D:9 =   D:14 *(   Orc:2 (?*[   Vaults:1 %

Portals:
Hell: Lair:8 Depths:1


Innate Abilities, Weirdness & Mutations

You are under a permanent stasis effect.
You can dig through walls and to a lower floor.
Your four strong arms can wield two-handed weapons with a shield.
You have a pair of large antennae on your head (SInv).
You have a beak for a mouth.
You are partially covered in slimy green scales (AC +2).
You possess an exceptional clarity of mind.
Your spells are harder to cast, but more powerful.


Message History

The iron giant is severely wounded.
You slice the frost giant!!
The frost giant is almost dead.
You slice the spriggan defender!! You freeze the spriggan defender.
You kill the spriggan defender!
Okawaru accepts your kill.
You open the iron giant like a pillowcase!!!
You freeze the iron giant.
The iron giant is almost dead.
You hit the frost giant.
You kill the frost giant!
Okawaru accepts your kill.
You hear two shouts!
You hear a shout! x3
You slash the iron giant! You freeze the iron giant.
The iron giant is almost dead.
You slice the centaur!! You freeze the centaur.
You kill the centaur!
Okawaru accepts your kill.
The iron giant hits you with a giant spiked club!!!
You die...

#....######....######...#
......(.................#
#(........#.......#
#.†(......#.......#
###(......#.......#
#..(....#†.....<+
##.)....#).....#####
#)C)(..'######+....
+†@..............≈≈
#................≈#
#....(..<........≈#
#...........<....≈#
#................≈#
#................≈≈
#..................
#..................
################


You could see an iron giant.

Vanquished Creatures
  2 juggernauts (Depths:2)
  Sojobo (Vaults:2)
  the Lernaean hydra (Swamp:4)
  Vashnia (Snake:3)
  Norris (D:14)
  2 golden dragons (Vaults:5)
  2 tentacled monstrosities
  Rupert (D:15)
  4 titans (Vaults:5)
  4 quicksilver dragons (Vaults:5)
  4 sphinxes
  The ghost of jasper the Brawler, an adept HOMo of Makhleb (D:14)
  Roxanne (Snake:3)
  4 shadow dragons (Vaults:5)
  20 greater nagas (Snake:4)
  3 thorn hunters (Swamp:3)
  A storm dragon (Vaults:4)
  5 fire giants
  6 tengu reavers
  Wiglaf (Vaults:2)
  7 frost giants
  Donald (D:14)
  A deep elf sorcerer (Vaults:2)
  18 vault wardens
  A balrug (Depths:1)
  19 ironheart preservers
  Aizul (Swamp:4)
  14 stone giants
  A spriggan defender (Depths:2)
  12 very ugly things
  4 war gargoyles (Vaults:5)
  A salamander stormcaller (Vaults:5)
  5 deep elf demonologists
  A spark wasp (Depths:2)
  2 dire elephants (Lair:8)
  6 ettins
  8 fire dragons
  14 yaktaur captains
  Josephine (D:15)
  A deep elf high priest (Vaults:5)
  27 vault guards
  17 naga warriors
  8 ogre magi
  3 ice dragons
  5 great orbs of eyes
  Erolcha (D:8)
  Harold (D:12)
  2 entropy weavers
  A rakshasa (Depths:2)
  Fannar (D:10)
  2 ghost crabs
  A ghost crab (shapeshifter) (Vaults:5)
  2 catoblepae
  31 hydras
  9 centaur warriors
  A death knight (Vaults:2)
  A dancing weapon (Vaults:5)
  2 anacondas
  11 death yaks
  2 tengu warriors
  3 deep troll shamans
  8 alligators
  Urug (Lair:1)
  A vampire mage (Depths:2)
  21 naga sharpshooters
  4 deep troll earth magi
  A soul eater (Depths:1)
  Nergalle (Lair:1)
  8 deep elf knights
  3 sun demons
  4 shock serpents
  A fire crab (shapeshifter) (Vaults:2)
  A fire crab (Vaults:3)
  A shadow wraith (Vaults:4)
  A storm dragon skeleton (D:15)
  17 deep trolls
  5 skeletal warriors
  5 hell knights (Depths:1)
  7 naga ritualists
  3 wizards
  6 swamp dragons
  3 spriggan druids
  An unseen horror (D:12)
  2 flayed ghosts
  A tengu zombie (Vaults:4)
  2 phantasmal warriors (Vaults:5)
  4 necromancers
  A harpy (shapeshifter) (Vaults:3)
  A hill giant (shapeshifter) (Vaults:5)
  16 hill giants
  2 obsidian statues (Depths:1)
  Pikel (D:8)
  2 swamp dragons (shapeshifter)
  6 ironbrand convokers
  8 wolf spiders
  20 deep elf magi
  4 harpies (Vaults:1)
  7 deep elf archers
  15 orc knights
  A frost giant zombie (Vaults:4)
  3 griffons
  An oklob plant (Snake:3)
  3 mana vipers
  35 ugly things
  A faun (shapeshifter) (Vaults:4)
  10 salamanders
  5 orc sorcerers
  9 cyclopes
  3 sixfirhies
  4 manticores
  15 elephants
  A moth of wrath (shapeshifter) (Vaults:4)
  4 guardian serpents (Snake:4)
  Maurice (D:8)
  35 black mambas
  A rust devil (Depths:1)
  13 vault sentinels
  A smoke demon (Depths:1)
  18 naga magi
  6 orange demons
  2 gargoyles
  A guardian serpent (shapeshifter) (Vaults:5)
  A human skeleton (Vaults:2)
  3 human zombies
  15 spiny frogs
  51 yaktaurs
  7 freezing wraiths
  11 komodo dragons
  A yaktaur (shapeshifter) (Vaults:4)
  A kobold demonologist (D:13)
  3 rime drakes
  4 ice devils
  3 yaktaur skeletons
  2 red devils
  A guardian mummy (D:15)
  6 hellwings
  2 jumping spiders
  16 two-headed ogres
  A jumping spider (shapeshifter) (Vaults:4)
  A polar bear (Lair:8)
  A two-headed ogre (shapeshifter) (Vaults:1)
  12 trolls
  9 giant leeches
  A deep troll zombie (D:15)
  Grinder (D:6)
  11 blink frogs
  6 bog bodies
  5 slime creatures
  8 boulder beetles
  A stone giant simulacrum (Vaults:2)
  A spriggan skeleton (D:15)
  3 spriggans
  A tarantella (Vaults:2)
  A wyvern (shapeshifter) (Vaults:1)
  26 yaks
  5 shadows
  An ettin skeleton (Vaults:4)
  7 wraiths
  5 wyverns
  5 redbacks
  6 water elementals (Depths:1)
  A vampire (D:15)
  7 hippogriffs
  2 basilisks
  A ynoxinul (Depths:1)
  16 humans (D:14)
  34 vampire mosquitoes
  A neqoxec (Depths:1)
  3 wargs
  16 insubstantial wisps
  64 nagas
  25 swamp worms
  A mottled dragon (Vaults:2)
  A soldier ant (D:11)
  19 water moccasins
  9 porcupines
  2 hell hounds (Lair:8)
  35 orc warriors
  4 ice beasts
  15 swamp drakes
  5 sky beasts
  2 slaves (D:8)
  3 black bears
  A tengu skeleton (D:15)
  2 eyes of draining
  43 ogres
  A necrophage (D:10)
  6 wasps
  13 wolves
  3 boggarts (Vaults:1)
  21 centaurs
  3 phantoms
  19 crocodiles
  An elf zombie (Ossuary)
  5 big kobolds
  25 giant frogs
  4 scorpions
  A wyvern skeleton (D:11)
  2 water moccasin skeletons
  20 killer bees
  An electric eel (Lair:4)
  3 howler monkeys
  8 crimson imps
  A giant frog zombie (D:6)
  3 human simulacra
  A quasit (D:11)
  10 centaur zombies
  10 hounds
  5 centaur skeletons
  24 orc wizards
  16 orc priests
  A gnoll shaman (D:3)
  8 jellies
  3 giant frog skeletons
  14 iguanas
  11 worker ants
  8 sheep
  2 ogre zombies (Ossuary)
  A hound skeleton (D:5)
  8 mummies
  A worker ant zombie (D:9)
  Robin (D:4)
  13 gnolls
  19 adders
  49 river rats
  A shadow imp (D:7)
  5 oozes
  5 adder zombies (Ossuary)
  2 adder skeletons
  3 worms
  A dart slug (D:3)
  5 giant geckos
  80 orcs
  8 ball pythons
  2 giant cockroaches
  31 goblins
  20 hobgoblins
  10 jackals
  20 kobolds
  7 quokkas
  10 bats
  2 giant gecko skeletons
  A giant gecko zombie (D:5)
  9 giant newts
  A gnoll zombie (Ossuary)
  7 goblin zombies (Ossuary)
  3 hobgoblin zombies (Ossuary)
  A jackal skeleton (D:5)
  3 kobold zombies (Ossuary)
  A quokka skeleton (D:4)
  4 quokka zombies (Ossuary)
  6 rats
  A rat zombie (Ossuary)
  A spectral orc (D:6)
  5 fungi
  11 plants
1850 creatures vanquished.

Vanquished Creatures (others)
  A tengu reaver (Vaults:2)
  2 ogre magi
  A spriggan druid (Swamp:4)
  A swamp dragon (Swamp:4)
  A two-headed ogre (Orc:2)
  A slime creature (Swamp:4)
  A vampire mosquito (Swamp:3)
  A swamp drake (Swamp:4)
  3 ogres
  A river rat (Lair:7)
  An orc (Vaults:1)
  2 briar patches (Swamp:3)
  11 fungi
  13 plants
  A withered plant (D:15)
41 creatures vanquished.

Grand Total: 1891 creatures vanquished

Notes
Turn   | Place    | Note
--------------------------------------------------------------
     0 | D:1      | shmeve the Formicid Fighter began the quest for the Orb.
     0 | D:1      | Reached XP level 1. HP: 18/18 MP: 1/1
   310 | D:1      | Reached XP level 2. HP: 24/24 MP: 2/2
   728 | D:1      | Reached XP level 3. HP: 29/29 MP: 3/3
  1068 | D:2      | Found a radiant altar of Vehumet.
  1069 | D:2      | Found an ancient bone altar of Kikubaaqudgha.
  1079 | D:2      | Identified Vehumet's Incunabulum of Confrontation (You found it on level 2 of the Dungeon)
  1090 | D:2      | Found a deep blue altar of Sif Muna.
  1119 | D:2      | Reached skill level 4 in Shields
  1248 | D:2      | Reached XP level 4. HP: 26/35 MP: 4/4
  1999 | D:3      | Found an oddly glowing altar of Pakellas.
  1999 | D:3      | Found an iron altar of Okawaru.
  2002 | D:3      | Became a worshipper of Warmaster Okawaru
  2027 | D:3      | Reached skill level 1 in Dodging
  2060 | D:3      | Reached XP level 5. HP: 42/42 MP: 5/5
  2428 | D:3      | Found a faded altar to an unknown god.
  2546 | D:3      | Reached XP level 6. HP: 48/48 MP: 6/6
  2722 | D:3      | Found a blossoming altar of Fedhas.
  2800 | D:3      | Reached skill level 5 in Shields
  3163 | D:3      | Found a burning altar of Makhleb.
  3209 | D:4      | Reached * piety under Okawaru
  3213 | D:4      | Noticed a phantom
  3245 | D:4      | Killed a phantom
  3245 | D:4      | Reached XP level 7. HP: 54/55 MP: 7/7
  3357 | D:4      | Reached skill level 5 in Fighting
  3569 | D:4      | Reached XP level 8. HP: 61/63 MP: 8/8
  3652 | D:4      | Noticed Robin
  3661 | D:4      | Killed Robin
  3958 | D:4      | Reached skill level 5 in Armour
  4120 | D:5      | Entered Level 5 of the Dungeon
  4183 | D:5      | Reached ** piety under Okawaru
  4218 | D:5      | Reached skill level 6 in Shields
  4249 | D:5      | Found a stormy altar of Qazlal.
  4259 | D:5      | Reached skill level 1 in Invocations
  4263 | D:5      | Reached skill level 5 in Axes
  4625 | D:5      | Reached XP level 9. HP: 70/70 MP: 9/11
  4688 | D:5      | Reached *** piety under Okawaru
  4859 | D:6      | Found a shattered altar of Ashenzari.
  4896 | D:6      | Noticed Grinder
  4908 | D:6      | Killed Grinder
  4908 | D:6      | Reached skill level 7 in Shields
  5145 | D:6      | Found a bloodstained altar of Trog.
  5336 | D:6      | Found a basalt altar of Yredelemnul.
  5836 | D:7      | Found a sand-covered staircase.
  5847 | Ossuary  | Entered an ossuary
  6027 | Ossuary  | Reached skill level 8 in Shields
  6027 | Ossuary  | Reached **** piety under Okawaru
  6125 | Ossuary  | Reached XP level 10. HP: 79/79 MP: 12/12
  6300 | D:7      | Found a staircase to the Ecumenical Temple.
  6403 | D:7      | Found a bloodstained altar of Trog.
  6862 | Temple   | Entered the Ecumenical Temple
  7087 | D:8      | Noticed Erolcha
  7097 | D:8      | Killed Erolcha
  7100 | D:8      | Reached ***** piety under Okawaru
  7103 | D:8      | Reached skill level 9 in Shields
  7552 | D:8      | Found a flagged portal.
  7579 | Bailey   | Entered a bailey
  7673 | Bailey   | Reached skill level 5 in Invocations
  7730 | Bailey   | Gained mutation: You have a beak for a mouth. [potion of beneficial mutation]
  7731 | Bailey   | Gained mutation: You possess an exceptional clarity of mind. [potion of beneficial mutation]
  7732 | Bailey   | Gained mutation: You are partially covered in slimy green scales (AC +2). [potion of beneficial mutation]
  7818 | D:8      | Noticed Maurice
  7835 | D:8      | Killed Maurice
  7874 | D:8      | Noticed Pikel
  7874 | D:8      | Found a white marble altar of Elyvilon.
  7874 | D:8      | Found a sacrificial altar of Ru.
  7898 | D:8      | Killed Pikel
  7898 | D:8      | Received a gift from Okawaru
  7898 | D:8      | Reached XP level 11. HP: 89/89 MP: 13/15
  7904 | D:8      | Got a dazzling cloak {god gift}
  7915 | D:8      | Identified the +0 cloak of Giwk {rC+ Int+3 SInv} (Okawaru gifted it to you on level 8 of the Dungeon)
  8368 | D:9      | Found a snail-covered altar of Cheibriados.
  8532 | D:9      | Reached skill level 10 in Shields
  8615 | D:9      | Found Qumnapne's Jewellery Shoppe.
  8844 | D:9      | Found a staircase to the Orcish Mines.
  8891 | Orc:1    | Entered Level 1 of the Orcish Mines
  8907 | Orc:2    | Entered Level 2 of the Orcish Mines
  8996 | Orc:2    | Found a staircase to the Elven Halls.
  9002 | Orc:2    | Found a roughly hewn altar of Beogh.
  9049 | Orc:2    | Noticed an orc sorcerer
  9062 | Orc:2    | Killed an orc sorcerer
  9280 | Orc:2    | Noticed a hill giant
  9280 | Orc:2    | Noticed a deep troll
  9282 | Orc:2    | Reached skill level 5 in Dodging
  9283 | Orc:2    | Noticed a cyclops
  9283 | Orc:2    | Noticed a hill giant
  9284 | Orc:2    | Noticed a cyclops
  9286 | Orc:2    | Noticed an orc sorcerer
  9287 | Orc:2    | Noticed a deep troll
  9289 | Orc:2    | Noticed an ogre mage
  9294 | Orc:2    | Noticed an ogre mage
  9298 | Orc:2    | Killed a hill giant
  9300 | Orc:2    | Reached skill level 10 in Fighting
  9303 | Orc:2    | Killed a deep troll
  9309 | Orc:2    | Killed a hill giant
  9309 | Orc:2    | Reached XP level 12. HP: 97/97 MP: 10/16
  9319 | Orc:2    | Reached skill level 11 in Shields
  9319 | Orc:2    | Received a gift from Okawaru
  9322 | Orc:2    | Killed an ogre mage
  9324 | Orc:2    | Killed an ogre mage
  9327 | Orc:2    | Killed a deep troll
  9335 | Orc:2    | Reached skill level 10 in Axes
  9445 | Orc:2    | Found Gychotzi's Antique Weapon Boutique.
  9460 | Orc:2    | Found Vogoez's Magic Scroll Shop.
  9465 | Orc:2    | Found Suggyc's General Store.
  9474 | Orc:2    | Found Satuotij's Armour Boutique.
  9483 | Orc:2    | Bought a +0 shield of reflection for 127 gold pieces
  9788 | Orc:2    | Noticed an ogre mage
  9798 | Orc:2    | Killed an ogre mage
  9798 | Orc:2    | Reached XP level 13. HP: 58/106 MP: 18/18
 10094 | D:10     | Entered Level 10 of the Dungeon
 10108 | D:10     | Received a gift from Okawaru
 10114 | D:10     | Noticed Fannar
 10145 | D:10     | Killed Fannar
 10145 | D:10     | Reached skill level 12 in Shields
 10152 | D:10     | Got an encrusted executioner's axe {god gift}
 10153 | D:10     | Identified the +6 executioner's axe "Xoutz" {freeze, Dex+4 SInv} (Okawaru gifted it to you on level 10 of the Dungeon)
 11340 | D:11     | Reached ****** piety under Okawaru
 11457 | D:11     | Noticed a two-headed hydra
 11472 | D:11     | Killed a 13-headed hydra
 11472 | D:11     | Received a gift from Okawaru
 11635 | D:11     | Found a staircase to the Lair.
 11640 | Lair:1   | Entered Level 1 of the Lair of Beasts
 11825 | Lair:1   | Noticed Nergalle
 11860 | Lair:1   | Killed Nergalle
 11860 | Lair:1   | Reached skill level 13 in Shields
 11989 | Lair:1   | Noticed a five-headed hydra
 12012 | Lair:1   | Killed a 16-headed hydra
 12012 | Lair:1   | Reached XP level 14. HP: 83/116 MP: 20/20
 12364 | Lair:1   | Noticed Urug
 12375 | Lair:1   | Killed Urug
 13653 | Lair:3   | Received a gift from Okawaru
 14270 | Lair:3   | Found a staircase to the Swamp.
 16113 | Lair:5   | Reached skill level 14 in Shields
 16343 | Lair:6   | Reached XP level 15. HP: 107/124 MP: 22/22
 16483 | Lair:6   | Found a staircase to the Snake Pit.
 16588 | Lair:6   | Reached skill level 10 in Armour
 16874 | Lair:6   | Received a gift from Okawaru
 17182 | Lair:7   | Found a staircase to the Slime Pits.
 17553 | Lair:7   | Received a gift from Okawaru
 17927 | Lair:8   | Entered Level 8 of the Lair of Beasts
 18306 | Lair:8   | Received a gift from Okawaru
 18412 | Lair:8   | Reached skill level 15 in Shields
 18415 | Lair:8   | Found a burning altar of Makhleb.
 18439 | Lair:8   | Found a gateway to Hell.
 18915 | Lair:8   | Reached XP level 16. HP: 134/134 MP: 23/23
 19289 | D:12     | Noticed Harold
 19295 | D:12     | Killed Harold
 20160 | D:13     | Reached skill level 1 in Crossbows
 20297 | D:13     | Received a gift from Okawaru
 20651 | D:13     | Reached skill level 5 in Crossbows
 21502 | D:14     | Noticed Donald
 21503 | D:14     | Noticed jasper's ghost (adept HOMo)
 21508 | D:14     | Noticed Norris
 21523 | D:14     | Killed Donald
 21569 | D:14     | Found a gate to the Vaults.
 21591 | D:14     | Received a gift from Okawaru
 21603 | D:14     | Killed jasper's ghost
 21623 | D:14     | Killed Norris
 22106 | D:14     | Found Caxzoimp's Assorted Antiques.
 22152 | D:14     | Found Ynizemyu's Antique Weapon Emporium.
 22360 | D:15     | Entered Level 15 of the Dungeon
 22527 | D:15     | Reached XP level 17. HP: 140/140 MP: 24/24
 22540 | D:15     | Received a gift from Okawaru
 22542 | D:15     | Found a staircase to the Depths.
 22655 | D:15     | Noticed Josephine
 22656 | D:15     | Killed Josephine
 22796 | D:15     | Upgraded the game from 0.18-b1-10-g3f7de93 to 0.18-b1-14-g029dad2
 22978 | D:15     | Noticed Rupert
 22981 | D:15     | Killed Rupert
 23010 | D:15     | Received a gift from Okawaru
 23316 | Swamp:1  | Entered Level 1 of the Swamp
 23911 | Swamp:2  | Reached skill level 15 in Fighting
 24302 | Swamp:2  | Gained mutation: Your spells are a little harder to cast, but a little more powerful. [potion of beneficial mutation]
 24303 | Swamp:2  | Gained mutation: Your spells are harder to cast, but more powerful. [potion of beneficial mutation]
 24577 | Swamp:3  | Noticed a thorn hunter
 24591 | Swamp:3  | Killed a thorn hunter
 24892 | Swamp:3  | Reached skill level 16 in Shields
 24995 | Swamp:3  | Noticed a thorn hunter
 25015 | Swamp:3  | Killed a thorn hunter
 25438 | Swamp:3  | Noticed a thorn hunter
 25448 | Swamp:3  | Killed a thorn hunter
 26086 | Swamp:3  | Received a gift from Okawaru
 26089 | Swamp:3  | Got a distressingly furry shield {god gift}
 26100 | Swamp:3  | Identified the +1 shield of Crawling {rElec} (Okawaru gifted it to you on level 3 of the Swamp)
 26287 | Swamp:4  | Entered Level 4 of the Swamp
 26292 | Swamp:4  | Noticed Aizul
 26310 | Swamp:4  | Killed Aizul
 26632 | Swamp:4  | Reached skill level 10 in Crossbows
 26632 | Swamp:4  | Reached XP level 18. HP: 138/149 MP: 22/25
 26645 | Swamp:4  | Reached skill level 10 in Dodging
 26702 | Swamp:4  | Noticed the 27-headed Lernaean hydra
 26723 | Swamp:4  | Killed the 27-headed Lernaean hydra
 27568 | Swamp:4  | Got a decaying rune of Zot
 27849 | Vaults:1 | Entered Level 1 of the Vaults
 28194 | Vaults:1 | Received a gift from Okawaru
 28256 | Vaults:1 | Received a gift from Okawaru
 28300 | Vaults:1 | Reached skill level 17 in Shields
 29083 | Vaults:1 | Reached XP level 19. HP: 120/157 MP: 26/26
 29274 | Vaults:1 | Found Faabil's Food Boutique.
 29346 | Vaults:1 | Received a gift from Okawaru
 29420 | Vaults:1 | Received a gift from Okawaru
 29750 | Vaults:1 | Received a gift from Okawaru
 29866 | Vaults:1 | Reached skill level 15 in Axes
 30332 | Vaults:2 | Received a gift from Okawaru
 30343 | Vaults:2 | Got a pair of dazzling gloves {god gift}
 30354 | Vaults:2 | Identified the +0 pair of gloves of Trial and Error {*Confuse +Fly rN+++ rCorr} (Okawaru gifted it to you on level 2 of the Vaults)
 30412 | Vaults:2 | Noticed Sojobo
 30425 | Vaults:2 | HP: 5/159 [tengu reaver/great sword[Sojobo] (15)]
 30435 | Vaults:2 | Killed Sojobo
 31021 | Vaults:2 | Found a staircase to the Crypt.
 31052 | Vaults:2 | Noticed a tentacled monstrosity
 31060 | Vaults:2 | Killed a tentacled monstrosity
 31065 | Vaults:2 | Reached skill level 18 in Shields
 31065 | Vaults:2 | Reached XP level 20. HP: 134/168 MP: 27/27
 31323 | Vaults:2 | Noticed Wiglaf
 31939 | Vaults:2 | Killed Wiglaf
 32095 | Vaults:3 | Received a gift from Okawaru
 32462 | Vaults:3 | Received a gift from Okawaru
 33605 | Vaults:4 | Received a gift from Okawaru
 33710 | Vaults:4 | Received a gift from Okawaru
 33998 | Vaults:4 | Reached XP level 21. HP: 128/176 MP: 22/28
 34717 | Vaults:4 | Received a gift from Okawaru
 35038 | Vaults:4 | Reached skill level 19 in Shields
 35382 | Vaults:5 | Entered Level 5 of the Vaults
 35444 | Vaults:5 | Received a gift from Okawaru
 35467 | Vaults:5 | Reached XP level 22. HP: 91/185 MP: 29/29
 35873 | Vaults:5 | Received a gift from Okawaru
 35934 | Vaults:5 | Got a pearl-encrusted crystal plate armour {god gift}
 35947 | Vaults:5 | Noticed a golden dragon
 35965 | Vaults:5 | Killed a golden dragon
 36072 | Vaults:4 | Identified the +4 crystal plate armour "Husyqag" {-Cast rN+ Str+2 Int+2} (Okawaru gifted it to you on level 5 of the Vaults)
 36602 | Vaults:5 | Reached skill level 20 in Shields
 36995 | Vaults:5 | Received a gift from Okawaru
 36999 | Vaults:5 | Noticed a golden dragon
 37015 | Vaults:5 | Killed a golden dragon
 37015 | Vaults:5 | Reached XP level 23. HP: 49/194 MP: 26/30
 37301 | Vaults:5 | Got a wavering pewter amulet
 37523 | Vaults:5 | Got a wavering marble ring
 37616 | Vaults:5 | Identified a scroll of acquirement
 37807 | Vaults:5 | Got a silver rune of Zot
 37827 | Vaults:5 | Got an ancient shield
 37838 | Vaults:5 | Identified the +1 shield of the Turtledove {rN+ Regen+} (You acquired it on level 5 of the Vaults)
 37850 | Vaults:5 | Identified the ring of Paops {MR+ Str+3} (You took it off a deep elf high priest on level 5 of the Vaults)
 37852 | Vaults:5 | Identified the amulet of Jealousy {Harm *Drain rElec rPois Dex+5 Stlth+} (You took it off a deep elf mage on level 5 of the Vaults)
 38309 | Snake:1  | Entered Level 1 of the Snake Pit
 39766 | Snake:2  | Received a gift from Okawaru
 40103 | Snake:3  | Noticed Roxanne
 40113 | Snake:3  | Killed Roxanne
 40311 | Snake:3  | Found an oddly glowing altar of Pakellas.
 40447 | Snake:3  | Noticed Vashnia
 40469 | Snake:3  | Killed Vashnia
 41034 | Snake:4  | Entered Level 4 of the Snake Pit
 41165 | Snake:4  | Found a frozen archway.
 41172 | Snake:4  | Received a gift from Okawaru
 41179 | Snake:4  | Reached skill level 15 in Armour
 41256 | Snake:4  | Received a gift from Okawaru
 41280 | Snake:4  | Got a pair of distressingly furry boots {god gift}
 41307 | Snake:4  | Identified the +0 pair of boots of Luuschiz {rC+} (Okawaru gifted it to you on level 4 of the Snake Pit)
 41800 | Snake:4  | Reached XP level 24. HP: 188/203 MP: 24/30
 41880 | Snake:4  | Reached skill level 21 in Shields
 42264 | Snake:4  | Received a gift from Okawaru
 42296 | Snake:4  | Got a serpentine rune of Zot
 42859 | Depths:1 | Entered Level 1 of the Depths
 43062 | Depths:1 | Found a burning altar of Makhleb.
 43064 | Depths:1 | Found a burning altar of Makhleb.
 43913 | Depths:1 | Received a gift from Okawaru
 44450 | Depths:2 | Received a gift from Okawaru
 44470 | Depths:2 | Noticed a juggernaut
 44487 | Depths:2 | Killed a juggernaut
 44487 | Depths:2 | Received a gift from Okawaru
 44495 | Depths:2 | Reached XP level 25. HP: 202/212 MP: 30/30
 44509 | Depths:2 | Noticed a juggernaut
 44534 | Depths:2 | Killed a juggernaut
 44538 | Depths:2 | Annihilated by an iron giant

Skill      XL: |  1  2  3  4  5  6  7  8  9 10 11 12 13 14 15 16 17 18 19 20 21 22 23 24 |
---------------+-------------------------------------------------------------------------+-----
Shields        | 4 5 6 8 9 10 11 13 14 15 16 17 18 19 20 21 | 21.8
Axes           | 3 4 5 6 7 9 10 11 12 13 14 15 16 17 18 | 18.9
Dodging        | 1 2 3 4 5 6 7 8 9 10 11 12 13 | 13.3
Fighting       | 4 5 6 7 9 10 11 12 13 14 15 16 17 18 19 20 | 20.4
Armour         | 4 5 6 7 8 9 10 11 12 13 14 15 | 15.7
Invocations    | 2 3 5 6 7 8 9 |  9.5
Crossbows      | 9 10 11 12 13 14 | 14.1

Action                   |  1- 3 |  4- 6 |  7- 9 | 10-12 | 13-15 | 16-18 | 19-21 | 22-24 | 25-27 || total
-------------------------+-------+-------+-------+-------+-------+-------+-------+-------+-------++-------
Melee: War axe           |   117 |   185 |   379 |   476 |   496 |       |       |       |       ||  1653
       Peck              |       |       |       |    57 |   261 |   179 |   227 |   201 |    13 ||   938
       Executioner's axe |       |       |       |       |   541 |   735 |   794 |   633 |    31 ||  2734
 Fire: Heavy crossbow    |       |       |       |       |       |   255 |   111 |   316 |       ||   682
Invok: Heroism           |       |       |       |     6 |    19 |     6 |     7 |     9 |     1 ||    48
       Finesse           |       |       |       |     2 |     4 |     3 |     4 |     7 |     1 ||    21
 Abil: Dig               |     1 |       |       |     1 |       |       |       |     2 |       ||     4
  Use: Potion            |       |       |     1 |     3 |       |    10 |     4 |       |       ||    18
       Scroll            |       |       |       |    22 |     6 |     5 |     2 |     2 |       ||    37
 Stab: Petrifying        |       |       |       |       |       |     1 |       |       |       ||     1
       Petrified         |       |       |       |       |       |     1 |       |       |       ||     1
       Confused          |       |       |       |       |       |     5 |       |       |       ||     5
  Eat: Chunk             |     1 |     7 |    11 |     9 |    26 |    15 |    20 |     7 |       ||    96
       Fruit             |       |       |     5 |     5 |    13 |    27 |       |     7 |       ||    57
       Beef jerky        |       |       |       |       |       |       |       |     8 |       ||     8
       Meat ration       |       |       |       |       |       |       |       |     1 |       ||     1
       Royal jelly       |       |       |       |       |       |       |       |     1 |       ||     1
Armor: Scale mail        |    44 |    53 |       |       |       |       |       |       |       ||    97
       Chain mail        |       |    67 |   132 |       |       |       |       |       |       ||   199
       Plate armour      |       |       |    30 |   280 |   715 |   658 |   328 |   313 |    11 ||  2335
Dodge: Dodged            |    31 |    74 |   126 |   249 |   441 |   373 |   265 |   276 |    12 ||  1847
Block: Shield            |    47 |   150 |   253 |   433 |   486 |       |       |       |       ||  1369
       Reflection        |       |       |       |     2 |     3 |       |       |       |       ||     5
       Large shield      |       |       |       |       |   674 |  1113 |   975 |   955 |    44 ||  3761
